 Dungeon Crawl Stone Soup version 0.30-a0-715-gdb4ae3ece1 (webtiles) character file.

Game seed: 4776308027788557216

1206 sokol815 the Cleaver (level 8, -1/62 HPs)
             Began as a Demigod Fighter on Jan 24, 2023.
             Slain by a water moccasin (8 damage)
             ... on level 5 of the Dungeon.
             The game lasted 00:07:12 (4025 turns).

sokol815 the Cleaver (Demigod Fighter)              Turns: 4025, Time: 00:07:13

Health: -1/62      AC:  7    Str: 21    XL:     8   Next: 1%
Magic:  10/10      EV:  5    Int: 10    God:
Gold:   173        SH: 13    Dex: 17    Spells: 7/7 levels left

rFire   . . .      SeeInvis .    a - +0 war axe
rCold   . . .      Faith    .    n - +0 tower shield
rNeg    . . .      Spirit   .    b - +0 scale mail
rPois   .          Reflect  .    (no helmet)
rElec   .          Harm     .    (no cloak)
rCorr   .          Rampage  .    (no gloves)
Will    .....                    m - +0 pair of boots Stlth
                                 (no amulet)
HPRegen 0.30/turn                (no ring)
MPRegen 0.12/turn                (no ring)

@: no status effects
A: high MP 1, forlorn, divine attributes
a: no special abilities


You were on level 5 of the Dungeon.
You visited 1 branch of the dungeon, and saw 5 of its levels.

You collected 173 gold pieces.

Inventory:

Hand Weapons
 a - a +0 war axe (weapon)
 c - a +2 sling of freezing
   (You found it on level 4 of the Dungeon)
Missiles
 i - 9 poisoned darts
 s - 3 stones
Armour
 b - a +0 scale mail (worn)
 h - a +0 buckler
 m - a +0 pair of boots (worn)
   (You found it on level 2 of the Dungeon)
 n - a +0 tower shield (worn)
   (You found it on level 4 of the Dungeon)
Scrolls
 d - a scroll of noise {unknown}
 f - a scroll of immolation {unknown}
 l - a scroll of summoning {unknown}
 o - a scroll of enchant armour {unknown}
 p - 2 scrolls of teleportation {unknown}
 q - a scroll of poison {unknown}
 r - a scroll of brand weapon {unknown}
 E - 2 scrolls of fear
 V - a scroll of vulnerability {!r!r}
Potions
 e - a potion of heal wounds {unknown}
 g - a potion of cancellation
 j - a potion of attraction {unknown}
 k - a potion of brilliance {unknown}
 H - 2 potions of haste
 R - 2 potions of resistance
 T - a potion of berserk rage {!q}
 U - a potion of mutation {!q}


   Skills:
 - Level 2.6 Fighting
 + Level 13.0 Axes
 - Level 2.6 Armour
 - Level 2.6 Shields


You had 7 spell levels left.
You didn't know any spells.
Your spell library contained the following spells:

 Spells                   Type           Power      Damage    Failure   Level
 Ignite Poison            Fire/Tmut/Pois 0%         N/A       100%        3
 Petrify                  Tmut/Erth      0%         N/A       100%        4
 Freezing Cloud           Conj/Ice/Air   0%         6-21      100%        5
 Lightning Bolt           Conj/Air       0%         1d11      100%        5


Dungeon Overview and Level Annotations

Branches:
Dungeon (5/15) Zot: 25871  Temple (0/1) D:5

Annotations:
D:2 Terence
D:4 1 runed translucent door, baller8008's ghost, amateur TrBe


Innate Abilities, Weirdness & Mutations

You have an increased reservoir of magic. (+10% MP)
You shall have no god before yourself.
Your divine heritage dramatically boosts your attributes as you level up.


Message History

The hound barely misses you.
You slash the hound! The hound bites you.
The hound bites you but does no damage.
You take 2 damage, and have 54/56 hp.
You hit the hound. The hound bites you but does no damage.
You hit the hound. The hound barely misses you.
The hound bites you but does no damage.
You completely miss the hound. The hound bites you.
You block the hound's attack.
You take 1 damage, and have 54/56 hp.
You closely miss the hound. You block the hound's attack. The hound bites you.
You take 3 damage, and have 51/56 hp.
You closely miss the hound. The hound completely misses you.
The hound bites you but does no damage.
You hit the hound. You block the hound's attack.
The hound bites you but does no damage.
You hit the hound.
You kill the hound!
The centaur wields a +0 shortbow.
The centaur shoots an arrow.
You block the arrow.
The centaur unwields a +0 shortbow.
You block the centaur's attack.
The centaur kicks you but does no damage.
The centaur hits you but does no damage.
The centaur kicks you but does no damage.
You see here a hound corpse.
You slash the centaur!
The centaur hits you but does no damage.
You block the centaur's attack.
You slash the centaur!
You kill the centaur!
You slash the ogre! The ogre hits you with a +0 giant club!
You take 17 damage, and have 36/56 hp.
MASSIVE DAMAGE!!
You hit the ogre. You block the ogre's attack.
You slash the ogre! You block the ogre's attack.
You slash the ogre!
You kill the ogre!
Things that are here:
a +0 giant club; a +0 shortbow An ogre comes into view.
It is wielding a +0 giant club.
The ogre shouts!
Health restored: 56 No reachable target in view!
No reachable target in view!
Found a staircase to the Ecumenical Temple.
You slash the ogre! You block the ogre's attack.
You slash the ogre!
You kill the ogre!
Your Axes skill increases to level 13!
You have reached level 8!
Health restored: 62; MP restored: 10
Things that are here:
a +0 giant club; an ogre corpse A water moccasin comes into view.
A gnoll comes into view. It is wielding a +0 club.
You block the water moccasin's attack.
You closely miss the water moccasin. The water moccasin bites you.
A gnoll comes into view. It is wielding a +0 halberd.
You take 2 damage, and have 60/62 hp.
You slash the water moccasin! The water moccasin barely misses you.
You block the water moccasin's attack.
You miss the water moccasin.
You block the water moccasin's attack. x2
You slash the water moccasin! You block the water moccasin's attack.
A gnoll comes into view. It is wielding a +0 spear.
You closely miss the water moccasin.
The gnoll shouts!
You block the water moccasin's attack. The water moccasin bites you.
You are poisoned.
The water moccasin poisons you!
The gnoll hits you from afar with a +0 halberd!
You take 15 damage, and have 46/62 hp.
MASSIVE DAMAGE!!
You miss the water moccasin.
You feel very sick.
The water moccasin bites you but does no damage.
The gnoll hits you from afar with a +0 halberd!
You block the water moccasin's attack.
You take 14 damage, and have 32/62 hp.
MASSIVE DAMAGE!!
You barely miss the water moccasin. You hit the gnoll but do no damage.
You feel very sick. The water moccasin bites you.
The gnoll hits you with a +0 club. The gnoll barely misses you.
You block the water moccasin's attack. The gnoll completely misses you.
The gnoll hits you from afar with a +0 halberd!
* * * LOW HITPOINT WARNING * * *
You take 23 damage, and have 9/62 hp.
MASSIVE DAMAGE!!
* * * LOW HITPOINT WARNING * * *
You feel sick.
You take 2 damage, and have 7/62 hp.
You feel sick. You block the water moccasin's attack.
You take 1 damage, and have 6/62 hp.
You feel better. You block the water moccasin's attack.
You block the gnoll's attack.
The gnoll hits you from afar with a +0 halberd.
* * * LOW HITPOINT WARNING * * *
The water moccasin attacks as you move away!
The water moccasin bites you!
You die...

#. #.##.#...
#.#####.##.#..# # #
##888##.##.#..#$#.# ###
##8...8#.##.#.......
..###.8.>.8#.#....##.#.##
#...#.8...8...##.........
#.#.#.#8.8#...##g......#
.#...#.##)#....##gg.##..#
.#.#............@S.....$#
.^.....#####.#####.###...
.#.###.# #.# #.# .# .#.#
#.# #.# #$. .? #.###)#
#.# #### # ##..##†# #.#
....##.#####.#
...........#
##.##.........


You could see a water moccasin and 3 gnolls.

Vanquished Creatures
  Prince Ribbit (D:5)
  A centaur (D:5)
  2 ogres (D:5)
  A scorpion (D:4)
  3 orc priests
  3 jellies (D:4)
  A hound (D:5)
  An iguana (D:4)
  An orc wizard (D:4)
  4 gnolls (D:3)
  8 adders
  An ufetubus (D:4)
  A worm (D:2)
  3 dart slugs
  7 orcs
  6 ball pythons
  5 bats
  6 endoplasms
  A giant cockroach (D:1)
  7 goblins
  7 hobgoblins
  3 jackals (D:2)
  6 kobolds
  5 quokkas
  4 frilled lizards
  5 rats
93 creatures vanquished.

Notes
Turn   | Place    | Note
-------+----------+-------------------------------------------
     0 | D:1      | sokol815 the Demigod Fighter began the quest for the Orb.
     0 | D:1      | Reached XP level 1. HP: 18/18 MP: 3/3
    77 | D:1      | Reached skill level 2 in Axes
   320 | D:1      | Reached XP level 2. HP: 24/25 MP: 4/4
   412 | D:1      | Reached skill level 3 in Axes
   975 | D:2      | Reached XP level 3. HP: 30/30 MP: 5/5
  1242 | D:2      | Reached skill level 4 in Axes
  1387 | D:2      | Reached XP level 4. HP: 22/37 MP: 6/6
  1492 | D:2      | Noticed Terence
  1671 | D:3      | Reached skill level 5 in Axes
  2127 | D:4      | Reached XP level 5. HP: 26/42 MP: 7/7
  2316 | D:4      | Got the Directory of the Airy Xenotype
  2416 | D:4      | Reached skill level 12 in Axes
  2416 | D:4      | Reached XP level 6. HP: 50/50 MP: 8/8
  2817 | D:4      | Reached XP level 7. HP: 45/56 MP: 9/9
  3397 | D:4      | Found a runed translucent door.
  3398 | D:4      | Noticed baller8008's ghost (amateur TrBe)
  3844 | D:5      | Entered Level 5 of the Dungeon
  3845 | D:5      | Noticed Prince Ribbit
  3854 | D:5      | Killed Prince Ribbit
  4000 | D:5      | Found a staircase to the Ecumenical Temple.
  4003 | D:5      | Reached skill level 13 in Axes
  4003 | D:5      | Reached XP level 8. HP: 62/62 MP: 10/10
  4021 | D:5      | HP: 9/62 [gnoll/+0 halberd (11)]
  4025 | D:5      | Slain by a water moccasin

Illustrated notes

Levels and vault maps discovered:
D:1:      wander_arrival_estate, layout_loops_cross,
          shapermc_ecumenical_altar_ellora
D:2:      minmay_spotlight, layout_basic, uniq_terence
D:3:      layout_rooms, general_overflow_altar, minmay_overflow_temple_star_hex
D:4:      layout_layer_cave, ebering_ghost_reflecting_pool
D:5:      layout_loops_ring, lemuel_tele_altar, minmay_temple_entry_statues,
          uniq_edmund, uniq_prince_ribbit1

Skill      XL: |  1  2  3  4  5  6  7 |
---------------+----------------------+-----
Axes           | 2 3 4 5 12 13 | 13.0
Fighting       | |  2.6
Armour         | |  2.6
Shields        | |  2.6

Action                     |  1- 3 |  4- 6 |  7- 9 || total
---------------------------+-------+-------+-------++-------
  Melee: War axe           |   118 |   101 |    48 ||   267
   Fire: Sling             |       |    21 |       ||    21
  Throw: Stone             |    47 |       |       ||    47
    Use: Scroll            |     1 |     8 |       ||     9
         Potion            |     1 |     2 |     2 ||     5
 Armour: Scale mail        |    53 |    56 |    18 ||   127
  Dodge: Dodged            |    56 |    44 |    10 ||   110
  Block: Buckler           |    14 |    23 |     1 ||    38
         Tower shield      |       |       |    29 ||    29

Table legend: (Time is in decaauts)
 A = Elapsed time spent in this place.
 B = Non-inter-level travel time spent in this place.
 C = Inter-level travel time spent in this place.
 D = Time resting spent in this place.
 E = Time spent auto-exploring this place.
 F = Levels seen in this place.
 G = Mean time per level.
                   A        B        C        D        E       F      G
               +--------+--------+--------+--------+--------+-----+--------+
         Total |   4128 |   4072 |     56 |    486 |   2799 |   5 |  825.6 |
       Dungeon |   4128 |   4072 |     56 |    486 |   2799 |   5 |  825.6 |
               +--------+--------+--------+--------+--------+-----+--------+

Top non-repeatable levels by time:
     D:4: 1648 daAuts
     D:1: 851 daAuts
     D:2: 725 daAuts
     D:3: 703 daAuts
     D:5: 199 daAuts

Table legend:
 A = Kills in this place as a percentage of kills in entire the game.
 B = Kills by you in this place as a percentage of kills by you in the entire game.
 C = Kills by friends in this place as a percentage of kills by friends in the entire game.
 D = Other kills in this place as a percentage of other kills in the entire game.
 E = Experience gained in this place as a percentage of experience gained in the entire game.
 F = Experience gained in this place divided by the number of levels of this place that you have seen.
                   A       B       C       D       E      F
               +-------+-------+-------+-------+-------+----------------------
         Total | 100.0 | 100.0 |   N/A |   N/A | 100.0 | 274.0
       Dungeon | 100.0 | 100.0 |   N/A |   N/A | 100.0 | 274.0
               +-------+-------+-------+-------+-------+----------------------
